TOP OF THE 1ST |
Miami Marlins batting - Pitching for Colorado Rockies : RHP Isaac Spikes
|
Pitching: RHP Isaac Spikes
|
|
Batting: RHB Jeff Garofalo
|
0-0: Ball 1-0: Swinging Strike 1-1: Foul Ball, location: 2F 1-2: Ball 2-2: SOLO HOME RUN (Flyball, 78XD, EV 105.0 MPH), Distance : 418 ft
|
Batting: RHB Micah Christopher
|
0-0: Ball 1-0: Called Strike 1-1: Ball 2-1: Swinging Strike 2-2: Foul Ball, location: 2F 2-2: SINGLE (Line Drive, 8RS, EV 93.1 MPH)
|
Batting: LHB Andre Gorter
|
0-0: Ball 1-0: Called Strike 1-1: Ball 2-1: Grounds into double play, 1-6-3 (Groundball, 13S, EV 65.0 MPH)
|
Batting: RHB Jimmy Groseclose
|
0-0: Swinging Strike 0-1: Called Strike 0-2: Strikes out swinging
|
Top of the 1st over - 1 run, 2 hits, 0 errors, 0 left on base; Miami 1 - Colorado 0 |
BOTTOM OF THE 1ST |
Colorado Rockies batting - Pitching for Miami Marlins : RHP Julio Espinel
|
Pitching: RHP Julio Espinel
|
|
Batting: RHB Joel Haycock
|
0-0: Called Strike 0-1: Ball 1-1: SINGLE (Groundball, 6D, EV 107.5 MPH)
|
Batting: RHB Roberto Rodriguez
|
0-0: Ball 1-0: Ball 2-0: Called Strike 2-1: Fly out, F8 (Flyball, 8RD, EV 93.1 MPH)
|
Batting: RHB Chad Thompson
|
0-0: Ball 1-0: Grounds into double play, 5-4-3 (Groundball, 56S, EV 85.0 MPH)
|
Bottom of the 1st over - 0 runs, 1 hit, 0 errors, 0 left on base; Miami 1 - Colorado 0 |
TOP OF THE 2ND |
Miami Marlins batting - Pitching for Colorado Rockies : RHP Isaac Spikes
|
Batting: RHB Roger Salazar
|
0-0: Ball 1-0: Ball 2-0: Called Strike 2-1: Ball 3-1: Foul Ball, location: 2F 3-2: Fly out, F8 (Line Drive, 8LM, EV 98.8 MPH)
|
Batting: RHB Seth Tramontano
|
0-0: Ball 1-0: Ground out 6-3 (Groundball, 6, EV 83.1 MPH)
|
Batting: RHB Josh Crenwelge
|
0-0: Foul Ball, location: 2F 0-1: Called Strike 0-2: Ball 1-2: Foul Ball, location: 2F 1-2: Fly out, F9 (Flyball, 9, EV 89.4 MPH)
|
Top of the 2nd over - 0 runs, 0 hits, 0 errors, 0 left on base; Miami 1 - Colorado 0 |
BOTTOM OF THE 2ND |
Colorado Rockies batting - Pitching for Miami Marlins : RHP Julio Espinel
|
Batting: RHB Jason Andrews
|
0-0: Ball 1-0: Ball 2-0: Swinging Strike 2-1: Foul Ball, location: 2F 2-2: Ball 3-2: Base on Balls
|
Batting: RHB Stephen Charbonneau
|
0-0: Called Strike 0-1: Ball 1-1: Ball 2-1: Called Strike Jason Andrews steals 2nd base (no throw) 2-2: Ball 3-2: Fly out, F8 (Flyball, 8RXD, EV 95.6 MPH) Runner from 2nd tags up, SAFE at 3rd, no throw by CF
|
Batting: RHB Leo Mair
|
0-0: Called Strike 0-1: Ball 1-1: Ground out 4-3 (Groundball, 34D, EV 107.5 MPH) Jason Andrews scores
|
Batting: RHB Rico Coss
|
0-0: SINGLE (Groundball, 6D, EV 94.4 MPH)
|
Pitching: LHP Patrick Meesters
|
|
Batting: LHB Fabiano Perrolas
|
0-0: Called Strike 0-1: Ball 1-1: Foul Ball, location: 2F 1-2: Foul Ball, location: 2F 1-2: Ball 2-2: Foul Ball, location: 2F 2-2: Ball 3-2: Strikes out swinging
|
Bottom of the 2nd over - 1 run, 1 hit, 0 errors, 1 left on base; Miami 1 - Colorado 1 |
TOP OF THE 3RD |
Miami Marlins batting - Pitching for Colorado Rockies : RHP Isaac Spikes
|
Batting: RHB Gavin Helton
|
0-0: Ground out 1-3 (Groundball, 13S, EV 72.5 MPH)
|
Batting: RHB Eric Jordan
|
0-0: Ball 1-0: Ball 2-0: Foul Ball, location: 2F 2-1: Called Strike 2-2: Foul Ball, location: 2F 2-2: Strikes out swinging
|
Batting: RHB Jeff Garofalo
|
0-0: Called Strike 0-1: Ball 1-1: Fly out, F8 (Flyball, 8LM, EV 95.6 MPH)
|
Top of the 3rd over - 0 runs, 0 hits, 0 errors, 0 left on base; Miami 1 - Colorado 1 |
BOTTOM OF THE 3RD |
Colorado Rockies batting - Pitching for Miami Marlins : LHP Patrick Meesters
|
Batting: LHB Robert Watson
|
0-0: Ball 1-0: Ball 2-0: Called Strike 2-1: Foul Ball, location: 2F 2-2: SINGLE (Groundball, 6D, EV 101.2 MPH)
|
Batting: RHB Joel Haycock
|
0-0: Ball 1-0: Ball 2-0: Called Strike 2-1: DOUBLE (Line Drive, 78M, EV 98.8 MPH) Robert Watson to third
|
Batting: RHB Roberto Rodriguez
|
0-0: Ball 1-0: Ground out 6-3 (Groundball, 6, EV 85.6 MPH) Robert Watson scores
|
Batting: RHB Chad Thompson
|
0-0: Ball 1-0: Swinging Strike 1-1: DOUBLE (Line Drive, 9LM, EV 105.6 MPH) Joel Haycock scores
|
Batting: RHB Jason Andrews
|
0-0: Foul Ball, location: 2F 0-1: Ball 1-1: Ball 2-1: Called Strike 2-2: Strikes out swinging
|
Batting: RHB Stephen Charbonneau
|
0-0: Ball 1-0: Ball 2-0: DOUBLE (Flyball, 89XD, EV 115.0 MPH) Chad Thompson scores
|
Batting: RHB Leo Mair
|
0-0: Called Strike 0-1: Foul Ball, location: 2F 0-2: Foul Ball, location: 2F 0-2: Ball 1-2: Ball 2-2: Ball 3-2: Base on Balls
|
Batting: RHB Rico Coss
|
0-0: Called Strike Leo Mair steals 2nd base Stephen Charbonneau steals 3rd base 0-1: Ball 1-1: Ground out 5-3 (Groundball, 56S, EV 85.6 MPH)
|
Bottom of the 3rd over - 3 runs, 4 hits, 0 errors, 2 left on base; Miami 1 - Colorado 4 |
TOP OF THE 4TH |
Miami Marlins batting - Pitching for Colorado Rockies : RHP Isaac Spikes
|
Batting: RHB Micah Christopher
|
0-0: Ball 1-0: Ball 2-0: Ball 3-0: Base on Balls
|
Batting: LHB Andre Gorter
|
0-0: Swinging Strike 0-1: Swinging Strike 0-2: Ball 1-2: Strikes out looking
|
Batting: RHB Jimmy Groseclose
|
0-0: Called Strike 0-1: Ball 1-1: Foul Ball, location: 2F 1-2: Ball 2-2: Foul Ball, location: 2F 2-2: Ball 3-2: Strikes out swinging
|
Batting: RHB Roger Salazar
|
0-0: Ball 1-0: Called Strike 1-1: Called Strike 1-2: Ball 2-2: Foul Ball, location: 2F 2-2: Ball 3-2: Fly out, F8 (Flyball, 8LD, EV 98.8 MPH)
|
Top of the 4th over - 0 runs, 0 hits, 0 errors, 1 left on base; Miami 1 - Colorado 4 |
BOTTOM OF THE 4TH |
Colorado Rockies batting - Pitching for Miami Marlins : LHP Patrick Meesters
|
Batting: LHB Fabiano Perrolas
|
0-0: Ball 1-0: Ball 2-0: Ball 3-0: Called Strike 3-1: Ground out 6-3 (Groundball, P, EV 85.0 MPH)
|
Batting: LHB Robert Watson
|
0-0: Called Strike 0-1: Ball 1-1: Called Strike 1-2: Strikes out swinging
|
Batting: RHB Joel Haycock
|
0-0: Ball 1-0: SOLO HOME RUN (Flyball, 78XD, EV 97.5 MPH), Distance : 396 ft
|
Batting: RHB Roberto Rodriguez
|
0-0: Called Strike 0-1: Foul Ball, location: 2F 0-2: Ball 1-2: Ball 2-2: Ball 3-2: Ground out 5-3 (Groundball, 56, EV 109.4 MPH)
|
Bottom of the 4th over - 1 run, 1 hit, 0 errors, 0 left on base; Miami 1 - Colorado 5 |
TOP OF THE 5TH |
Miami Marlins batting - Pitching for Colorado Rockies : RHP Isaac Spikes
|
Batting: RHB Seth Tramontano
|
0-0: Foul Ball, location: 2F 0-1: Foul Ball, location: 2F 0-2: Strikes out swinging
|
Batting: RHB Josh Crenwelge
|
0-0: Ball 1-0: Ball 2-0: Called Strike 2-1: Ground out 5-3 (Groundball, 56, EV 85.0 MPH)
|
Batting: RHB Gavin Helton
|
0-0: Ball 1-0: Called Strike 1-1: Called Strike 1-2: Ball 2-2: Strikes out looking
|
Top of the 5th over - 0 runs, 0 hits, 0 errors, 0 left on base; Miami 1 - Colorado 5 |
BOTTOM OF THE 5TH |
Colorado Rockies batting - Pitching for Miami Marlins : LHP Patrick Meesters
|
Batting: RHB Chad Thompson
|
0-0: Ball 1-0: Ball 2-0: Ball 3-0: Called Strike 3-1: Base on Balls
|
Batting: RHB Jason Andrews
|
0-0: Ball 1-0: Foul Ball, location: 2F 1-1: Ball 2-1: Ball 3-1: Fly out, F9 (Line Drive, 9D, EV 98.8 MPH)
|
Batting: RHB Stephen Charbonneau
|
0-0: Reached on error, E4 (Groundball, 4, EV 90.0 MPH) Chad Thompson to second
|
Batting: RHB Leo Mair
|
0-0: Ball 1-0: Ball 2-0: Ball 3-0: Foul Ball, location: 2F 3-1: Base on Balls Chad Thompson to third Stephen Charbonneau to second
|
Batting: RHB Rico Coss
|
0-0: Called Strike 0-1: Ball 1-1: Ball 2-1: Foul Ball, location: 2F 2-2: Grounds into double play, 6-4-3 (Groundball, 6S, EV 80.0 MPH)
|
Bottom of the 5th over - 0 runs, 0 hits, 1 error, 2 left on base; Miami 1 - Colorado 5 |
TOP OF THE 6TH |
Miami Marlins batting - Pitching for Colorado Rockies : RHP Isaac Spikes
|
Pitching: LHP Dave Burridge
|
|
Batting: RHB Eric Jordan
|
0-0: Ball 1-0: Ground out 5-3 (Groundball, 56S, EV 70.0 MPH)
|
Batting: RHB Jeff Garofalo
|
0-0: Ground out 6-3 (Groundball, 6S, EV 63.8 MPH)
|
Batting: RHB Micah Christopher
|
0-0: Fly out, F8 (Flyball, 89D, EV 98.8 MPH)
|
Top of the 6th over - 0 runs, 0 hits, 0 errors, 0 left on base; Miami 1 - Colorado 5 |
BOTTOM OF THE 6TH |
Colorado Rockies batting - Pitching for Miami Marlins : LHP Patrick Meesters
|
Batting: LHB Fabiano Perrolas
|
0-0: Ball 1-0: Ball 2-0: Called Strike 2-1: Ground out 4-3 (Groundball, 34D, EV 94.4 MPH)
|
Batting: LHB Robert Watson
|
0-0: DOUBLE (Flyball, 8RXD, EV 110.6 MPH)
|
Batting: RHB Joel Haycock
|
0-0: Foul Ball, location: 2F 0-1: Ball 1-1: 2-RUN HOME RUN (Flyball, 7LD, EV 98.1 MPH), Distance : 368 ft
|
Pitching: RHP Jose Ramirez
|
|
Batting: RHB Roberto Rodriguez
|
0-0: Ball 1-0: Called Strike 1-1: Foul Ball, location: 2F 1-2: Foul Ball, location: 2F 1-2: Fly out, F9 (Line Drive, 9D, EV 98.1 MPH)
|
Batting: RHB Chad Thompson
|
0-0: Ball 1-0: Ball 2-0: Ball 3-0: Called Strike 3-1: Base on Balls
|
Batting: RHB Jason Andrews
|
0-0: Ball 1-0: Fly out, F9 (Flyball, 9D, EV 82.5 MPH)
|
Bottom of the 6th over - 2 runs, 2 hits, 0 errors, 1 left on base; Miami 1 - Colorado 7 |
TOP OF THE 7TH |
Miami Marlins batting - Pitching for Colorado Rockies : LHP Dave Burridge
|
Batting: LHB Andre Gorter
|
0-0: Ball 1-0: Foul Ball, location: 2F 1-1: Called Strike 1-2: Ball 2-2: Ball 3-2: Fly out, F8 (Flyball, 8RM, EV 80.6 MPH)
|
Batting: RHB Jimmy Groseclose
|
0-0: Swinging Strike 0-1: Ball 1-1: Ball 2-1: Foul Ball, location: 2F 2-2: Ball 3-2: Ground out 6-3 (Groundball, 6, EV 95.0 MPH)
|
Batting: RHB Roger Salazar
|
0-0: Called Strike 0-1: Ball 1-1: Ball 2-1: Ball 3-1: Called Strike 3-2: Foul Ball, location: 2F 3-2: Base on Balls
|
Pitching: RHP Victor Walshe
|
|
Batting: RHB Seth Tramontano
|
0-0: Called Strike Roger Salazar steals 2nd base 0-1: Ball 1-1: Foul Ball, location: 2F 1-2: Strikes out swinging, 2-3 out at first.
|
Top of the 7th over - 0 runs, 0 hits, 0 errors, 1 left on base; Miami 1 - Colorado 7 |
BOTTOM OF THE 7TH |
Colorado Rockies batting - Pitching for Miami Marlins : RHP Jose Ramirez
|
Batting: RHB Stephen Charbonneau
|
0-0: Called Strike 0-1: Ball 1-1: Swinging Strike 1-2: Strikes out swinging
|
Batting: RHB Leo Mair
|
0-0: Called Strike 0-1: SINGLE (Line Drive, 78S, EV 89.4 MPH)
|
Batting: RHB Rico Coss
|
0-0: Ball 1-0: Ball Leo Mair is caught stealing 2nd base 2-4 2-0: Foul Ball, location: 2F 2-1: TRIPLE (Flyball, 78XD, EV 106.9 MPH)
|
Batting: LHB Fabiano Perrolas
|
0-0: Ball 1-0: Ball 2-0: Called Strike 2-1: Swinging Strike 2-2: Ball 3-2: Base on Balls
|
Batting: LHB Robert Watson
|
0-0: Ball 1-0: Ball 2-0: Called Strike 2-1: Ball 3-1: Ground out 1-3 (Groundball, 34S, EV 72.5 MPH)
|
Bottom of the 7th over - 0 runs, 2 hits, 0 errors, 2 left on base; Miami 1 - Colorado 7 |
TOP OF THE 8TH |
Miami Marlins batting - Pitching for Colorado Rockies : RHP Victor Walshe
|
Pinch Hitting: SHB Matt Altieri
|
0-0: Swinging Strike 0-1: Swinging Strike 0-2: Ball 1-2: Strikes out swinging
|
Batting: RHB Gavin Helton
|
0-0: Ball 1-0: Swinging Strike 1-1: Fly out, F4 (Flyball, 34D, EV 88.8 MPH)
|
Batting: RHB Eric Jordan
|
0-0: Swinging Strike 0-1: Swinging Strike 0-2: Ball 1-2: Strikes out swinging, 2-3 out at first.
|
Top of the 8th over - 0 runs, 0 hits, 0 errors, 0 left on base; Miami 1 - Colorado 7 |
BOTTOM OF THE 8TH |
Colorado Rockies batting - Pitching for Miami Marlins : RHP Jose Ramirez
|
Now at 1B: Seth Tramontano
|
|
Now at 2B: Micah Christopher
|
|
Now in LF: Matt Altieri
|
|
Batting: RHB Joel Haycock
|
0-0: Called Strike 0-1: Foul Ball, location: 2F 0-2: Ball 1-2: Ball 2-2: Ball 3-2: Ground out 6-3 (Groundball, 6, EV 85.6 MPH)
|
Batting: RHB Roberto Rodriguez
|
0-0: Ball 1-0: Ground out 6-3 (Groundball, 6, EV 105.0 MPH)
|
Batting: RHB Chad Thompson
|
0-0: Foul Ball, location: 2F 0-1: Foul Ball, location: 2F 0-2: Ball 1-2: Ground out 6-3 (Groundball, 6, EV 83.8 MPH)
|
Bottom of the 8th over - 0 runs, 0 hits, 0 errors, 0 left on base; Miami 1 - Colorado 7 |
TOP OF THE 9TH |
Miami Marlins batting - Pitching for Colorado Rockies : RHP Victor Walshe
|
Batting: RHB Jeff Garofalo
|
0-0: Ball 1-0: Ground out 5-3 (Groundball, 56S, EV 68.8 MPH)
|
Batting: RHB Micah Christopher
|
0-0: Ball 1-0: Ball 2-0: Ball 3-0: Called Strike 3-1: Foul Ball, location: 2F 3-2: Foul Ball, location: 2F 3-2: Base on Balls
|
Pitching: RHP Jaden Mackey
|
|
Batting: LHB Andre Gorter
|
0-0: Foul Ball, location: 2F 0-1: Swinging Strike 0-2: Hit by Pitch Micah Christopher to second
|
Batting: RHB Jimmy Groseclose
|
0-0: Fly out, F9 (Flyball, 9S, EV 82.5 MPH)
|
Batting: RHB Roger Salazar
|
0-0: Ball 1-0: Ball 2-0: Ball 3-0: Base on Balls Micah Christopher to third Andre Gorter to second
|
Batting: RHB Seth Tramontano
|
0-0: Ground out U3 (Groundball, 13, EV 78.1 MPH)
|
Top of the 9th over - 0 runs, 0 hits, 0 errors, 3 left on base; Miami 1 - Colorado 7 |
|